 Dungeon Crawl Stone Soup version 0.29-a0-464-g50448035db (webtiles) character file.

Game seed: 6179988652650438364

72 Bruhh the Magician (level 4, -13/31 HPs)
             Began as a Djinni Fire Elementalist on May 21, 2022.
             Mangled by Crazy Yiuf
             ... wielding a +3 quarterstaff of chaos
              (17 damage)
             ... on level 2 of the Dungeon.
             The game lasted 00:02:17 (2389 turns).

Bruhh the Magician (Djinni Fire Elementalist)       Turns: 2389, Time: 00:02:18

Health: -13/31     AC:  2    Str:  7    XL:     4   Next: 50%
Gold:   62         EV: 12    Int: 18    God:
                   SH:  0    Dex: 14

rFire   + + .      SeeInvis .   (no weapon)
rCold   x . .      Faith    .   (no shield)
rNeg    . . .      Spirit   .   a - +0 robe
rPois   ∞          Reflect  .   (no helmet)
rElec   .          Harm     .   (no cloak)
rCorr   .          Rampage  .   (no gloves)
Will    .....                   (boots unavailable)
Stlth   ++........              (no amulet)
HPRegen 0.10/turn               (no ring)
MPRegen 0.00/turn               (no ring)

@: flying
A: sickness immunity, fire resistance 2, cold vulnerability 1, float, innate
caster, HP casting, extra vitality 1
a: no special abilities


You were on level 2 of the Dungeon.
You visited 1 branch of the dungeon, and saw 2 of its levels.

You collected 62 gold pieces.

Inventory:

Armour
 a - a +0 robe (worn)
Wands
 g - a wand of digging (6)
Scrolls
 c - a scroll of poison {unknown}
 h - a scroll of identify {unknown}
 l - a scroll of enchant weapon {unknown}
 m - a scroll of acquirement {unknown}
Potions
 b - a potion of haste {unknown}
 d - 2 potions of brilliance {unknown}
 e - a potion of lignification {unknown}
 f - a potion of mutation {unknown}
 i - 2 potions of curing {unknown}
 j - a potion of heal wounds {unknown}
 k - a potion of magic {unknown}


   Skills:
 - Level 2.1 Dodging
 - Level 1.5 Stealth
 + Level 3.9 Spellcasting


You couldn't memorise any spells.
You knew the following spells:

 Your Spells              Type           Power      Damage    Failure   Level
a - Foxfire               Conj/Fire      68%        2x1d7     3%          1
b - Scorch                Fire           34%        2d7       4%          2
c - Conjure Flame         Conj/Fire      17%        6-21      9%          3
d - Inner Flame           Hex/Fire       17%        N/A       9%          3
e - Flame Wave            Conj/Fire      17%        2d6       30%         4
f - Sting                 Tmut/Pois      68%        1d6       3%          1
Your spell library was empty.

Dungeon Overview and Level Annotations

Branches:
Dungeon (2/15)

Altars:

Annotations:
D:2 Crazy Yiuf


Innate Abilities, Weirdness & Mutations

You are immune to sickness and miasma.
You are immune to poison.
Your flesh is very heat resistant. (rF++)
You are vulnerable to cold. (rC-)
You float through the air rather than walking.
You learn spells naturally, not from books.
Your magical power is your life essence.
You have superior vitality. (+4 MHP)


Message History

You can't see any susceptible monsters within range! (Use Z to cast anyway.)
You can't see any susceptible monsters within range! (Use Z to cast anyway.) Flames lash the bat.
You kill the bat!
You can't see any susceptible monsters within range! (Use Z to cast anyway.)
You can't see any susceptible monsters within range! (Use Z to cast anyway.) Key pressed, stopping explore.
You see here a +0 dagger.
You see here a +0 club.
There is an open door here.
You reach down and open the door.
Found a faded altar of an unknown god.
There is an open door here.
There is an open door here.
There is an open door here.
You see here 11 stones.
Found a mace.
Found a runed translucent door.
Crazy Yiuf shouts!
Crazy Yiuf says, "Trifle testudinal head!"
You reach down and open the door.
Flames lash Crazy Yiuf.
Crazy Yiuf is moderately wounded.
Crazy Yiuf's fire resistance burns away.
Crazy Yiuf hits you with a +3 quarterstaff of chaos!
Flames lash Crazy Yiuf.
Crazy Yiuf is burned terribly!
Crazy Yiuf is heavily wounded.
Crazy Yiuf hits you with a +3 quarterstaff of chaos!
Crazy Yiuf freezes you.
* * * LOW HITPOINT WARNING * * *
You are too injured to fight recklessly!
You are too injured to fight recklessly!
You are too injured to fight recklessly!
Casting: Scorch (safe; 4% risk of failure)
Confirm with . or Enter, or press ? or * to list all spells.
Flames lash Crazy Yiuf.
Crazy Yiuf is burned terribly!
Crazy Yiuf is almost dead.
* * * LOW HITPOINT WARNING * * *
Crazy Yiuf hits you with a +3 quarterstaff of chaos!
Ouch! That really hurt!
You die...

.....######.##.#######.####
..............<# #....#
.###.######.#### #.##.#
.......# ### ####.#
.......### #.# .........#
#.## .......### ### ####..#
.......# #)..### ##.....#
.###.### #...g@####PP....#
####.### #...##..#..P...##
##.....### ### ###.#....##
##.....#.# ########
.........# ##..<..###
##.....# .....### ######


You could see Crazy Yiuf (combustible).

Vanquished Creatures
  Jessica (D:2)
  A worm (D:2)
  A dart slug (D:2)
  3 ball pythons
  6 bats
  3 endoplasms (D:2)
  2 giant cockroaches
  6 goblins
  A hobgoblin (D:1)
  4 jackals (D:1)
  3 quokkas (D:1)
  A frilled lizard (D:1)
  2 kobolds (D:2)
  3 rats
37 creatures vanquished.

Vanquished Creatures (others)
  58 foxfires (D:1)
58 creatures vanquished.

Grand Total: 95 creatures vanquished

Notes
Turn   | Place    | Note
-------+----------+-------------------------------------------
     0 | D:1      | Bruhh the Djinni Fire Elementalist began the quest for the
                  | Orb.
     0 | D:1      | Reached XP level 1. HP: 15/15 MP: 0/0
   268 | D:1      | Reached XP level 2. HP: 20/21 MP: 0/0
   695 | D:1      | Reached skill level 3 in Spellcasting
  1050 | D:1      | Reached XP level 3. HP: 23/25 MP: 0/0
  1050 | D:1      | Learned a level 1 spell: Sting
  1678 | D:2      | Noticed Jessica
  1684 | D:2      | Killed Jessica
  1685 | D:2      | Reached XP level 4. HP: 15/31 MP: 0/0
  2263 | D:2      | Found a faded altar of an unknown god.
  2382 | D:2      | Found a runed translucent door.
  2383 | D:2      | Noticed Crazy Yiuf
  2389 | D:2      | Mangled by Crazy Yiuf

Illustrated notes

Levels and vault maps discovered:
D:1:      dpeg_chamrin_arrival_tetris, layout_basic, serial_rivers,
          chequers_serial_rivers_marsh, chequers_serial_rivers_micro_d,
          chequers_serial_rivers_room_a, chequers_serial_rivers_micro_b,
          chequers_serial_rivers_small_3, chequers_serial_rivers_room_b
D:2:      layout_loops_ring, dilly_ecumenical_altar_fadedgnrine, uniq_jessica,
          uniq_crazy_yiuf_cottage

Skill      XL: |  1  2 |
---------------+-------+-----
Spellcasting   | 3 |  3.9
Dodging        | |  2.1
Stealth        | |  1.5

Action                   |  1- 3 |  4- 6 || total
-------------------------+-------+-------++-------
Melee: Unarmed           |    10 |       ||    10
 Cast: Foxfire           |    37 |       ||    37
       Scorch            |    22 |    11 ||    33
 Stab: Sleeping          |     1 |       ||     1
Armor: Robe              |     4 |       ||     4
Dodge: Dodged            |    15 |     1 ||    16

Table legend: (Time is in decaauts)
 A = Elapsed time spent in this place.
 B = Non-inter-level travel time spent in this place.
 C = Inter-level travel time spent in this place.
 D = Time resting spent in this place.
 E = Time spent auto-exploring this place.
 F = Levels seen in this place.
 G = Mean time per level.
                   A        B        C        D        E       F      G
               +--------+--------+--------+--------+--------+-----+--------+
         Total |   2388 |   2355 |     33 |      0 |   2157 |   2 | 1194.0 |
       Dungeon |   2388 |   2355 |     33 |      0 |   2157 |   2 | 1194.0 |
               +--------+--------+--------+--------+--------+-----+--------+

Top non-repeatable levels by time:
     D:2: 1270 daAuts
     D:1: 1118 daAuts
